Map: [ESL] Stargazers

Players

Nina

  • Race: Protoss Protoss
  • Spawn Location: 1:00

trigger - Winner!

  • Race: Protoss Protoss
  • Spawn Location: 11:00

Event: DreamHack SC2 Masters 2022 Atlanta (Online)

VOD

Have the link to the VOD?

Description

Time

  • Played on: Oct. 14, 2022, 4:30 p.m.
  • Length: 22:12

All games in this series

Show
View Real Time Build Order
Export as new Build Order

Nina Protoss 

Build Orders: Blink Stalkers 

Get SALT Encoding   

  12  0:00  Probe  
  13  0:12  Probe  
  14  0:17  Pylon  
  14  0:24  Probe (Chrono Boost)  
  15  0:36  Probe (Chrono Boost)  
  15  0:38  Gateway  
  16  0:44  Probe (Chrono Boost)  
  16  0:49  Assimilator  
  17  0:51  Probe  
  18  1:03  Probe (Chrono Boost)  
  19  1:04  Assimilator  
  19  1:14  Probe (Chrono Boost)  
  20  1:19  Probe (Chrono Boost)  
  20  1:22  Gateway  
  21  1:27  Cybernetics Core  
  21  1:29  Probe  
  22  1:36  Pylon  
  22  1:42  Probe  
  23  1:55  Probe  
  24  2:04  Stalker  
  24  2:05  Warp Gate  
  26  2:09  Stalker  
  28  2:17  Pylon  
  28  2:24  Twilight Council  
  28  2:34  Stalker  
  30  2:39  Stalker  
  32  3:00  Nexus  
  32  3:01  Blink (Chrono Boost)  
  32  3:13  Probe  
  33  3:25  Probe  
  34  3:27  Pylon  
  34  3:38  Probe  
  35  3:42  Robotics Facility  
  34  3:50  Probe  
  34  3:53  Stalker  
  34  3:54  Stalker  
  39  4:02  Probe  
  40  4:04  Pylon  
  40  4:13  Probe  
  40  4:14  Probe (Chrono Boost)  
  42  4:18  Stalker  
  42  4:22  Stalker  
  46  4:25  Probe (Chrono Boost)  
  46  4:30  Observer  
  49  4:33  Probe (Chrono Boost)  
  49  4:34  Probe (Chrono Boost)  
  50  4:39  Probe x2 (Chrono Boost)  
  52  4:47  Stalker x2  
  52  4:51  Probe x2  
  58  5:04  Probe x2  
  60  5:09  Nexus  
  60  5:13  Sentry x2  
  64  5:16  Probe  
  66  5:22  Pylon  
  66  5:28  Probe  
  66  5:29  Shield Battery  
  66  5:30  Pylon  
  66  5:37  Stalker  
  66  5:38  Stalker  
  70  5:43  Probe  
  70  5:45  Assimilator  
  70  5:46  Immortal (Chrono Boost)  
  75  5:55  Gateway  
  75  5:56  Probe  
  76  6:01  Stalker  
  77  6:04  Stalker  
  77  6:07  Observer  
  79  6:15  Probe  
  80  6:18  Gateway  
  80  6:19  Probe  
  80  6:22  Probe, Forge  
  82  6:27  Probe (Chrono Boost)  
  82  6:32  Stalker x2  
  87  6:35  Probe (Chrono Boost)  
  87  6:38  Pylon  
  87  6:39  Observer  
  91  6:40  Probe (Chrono Boost)  
  91  6:41  Probe (Chrono Boost)  
  92  6:47  Probe (Chrono Boost)  
  92  6:52  Probe (Chrono Boost)  
  93  6:55  Probe (Chrono Boost)  
  93  6:57  Stalker x3  
  93  7:00  Protoss Ground Weapons Level 1  
  101  7:01  Probe (Chrono Boost)  
  101  7:14  Observer  
  97  7:16  Probe  
  97  7:22  Probe  
  99  7:26  Stalker x2  
  99  7:27  Probe (Chrono Boost)  
  99  7:29  Probe (Chrono Boost)  
  105  7:30  Pylon  
  105  7:32  Observer  
  105  7:34  Probe (Chrono Boost)  
  105  7:36  Photon Cannon  
  106  7:38  Gateway  
  106  7:40  Assimilator  
  106  7:41  Probe (Chrono Boost)  
  106  7:43  Nexus  
  108  7:45  Probe (Chrono Boost)  
  108  7:47  Probe (Chrono Boost)  
  108  7:49  Pylon  
  109  7:52  Stalker x4  
  117  8:05  Probe  
  117  8:09  Observer  
  117  8:10  Probe  
  117  8:11  Probe  
  118  8:18  Stalker x2  
  119  8:20  Assimilator  
  119  8:22  Pylon  
  119  8:23  Pylon  
  119  8:25  Pylon  
  118  8:28  Observer  
  118  8:31  Observer, Photon Cannon  
  118  8:33  Probe, Assimilator  
  120  8:35  Pylon  
  120  8:37  Pylon  
  120  8:39  Stalker x2  
  124  8:44  Gateway  
  124  8:47  Gateway x2  
  124  8:51  Probe x2  
  126  8:58  Stalker x3  
  126  9:02  Stalker x2  
  136  9:06  Probe  
  137  9:15  Shield Battery  
  137  9:19  Probe (Chrono Boost)  
  137  9:20  Probe (Chrono Boost)  
  137  9:22  Stalker x3, Pylon  
  146  9:24  Probe (Chrono Boost)  
  146  9:30  Photon Cannon  
  147  9:31  Probe (Chrono Boost)  
  147  9:35  Probe (Chrono Boost)  
  147  9:38  Probe (Chrono Boost)  
  151  9:39  Probe x2 (Chrono Boost)  
  151  9:41  Dark Shrine  
  151  9:44  Probe (Chrono Boost)  
  153  9:45  Pylon  
  153  9:48  Protoss Ground Weapons Level 2 (Chrono Boost)  
  153  9:49  Stalker  
  154  9:54  Observer  
  154  9:58  Assimilator x2  
  155  10:01  Stalker  
  155  10:02  Stalker  
  155  10:06  Shield Battery  
  156  10:16  Stalker x4  
  147  10:29  Stalker x4  
  127  10:40  Stalker x3  
  108  10:52  Stalker x3  
  108  10:56  Dark Templar  
  116  11:00  Dark Templar  
  114  11:05  Dark Templar  
  114  11:08  Zealot x2  
  120  11:16  Dark Templar  
  119  11:19  Zealot  
  119  11:24  Zealot  
  118  11:30  Zealot x2  
  108  11:34  Probe x2 (Chrono Boost)  
  106  11:44  Probe (Chrono Boost)  
  106  11:46  Probe (Chrono Boost)  
  109  11:52  Probe (Chrono Boost)  
  109  11:53  Warp Prism (Chrono Boost)  
  110  11:55  Probe (Chrono Boost)  
  110  11:56  Probe (Chrono Boost)  
  110  11:59  Probe (Chrono Boost)  
  110  12:00  Probe (Chrono Boost)  
  114  12:04  Photon Cannon  
  115  12:10  Probe  
  115  12:11  Protoss Ground Weapons Level 3 (Chrono Boost)  
  115  12:14  Charge  
  116  12:20  Robotics Bay  
  116  12:30  Dark Templar x2  
  120  12:38  Zealot x4  
  128  13:02  Observer  
  128  13:05  Observer  
  126  13:08  Nexus  
  126  13:15  Disruptor  
  121  13:22  Dark Templar x3  
  121  13:26  Observer  
  123  13:28  Dark Templar, Observer  
  125  13:39  Pylon  
  125  13:45  Observer  
  125  13:55  Disruptor (Chrono Boost)  
  124  14:04  Nexus  
  124  14:07  Dark Templar  
  126  14:10  Dark Templar  
  128  14:18  Observer  
  128  14:19  Disruptor  
  128  14:24  Zealot x2  
  119  14:32  Stalker  
  115  14:43  Pylon  
  115  14:49  Disruptor  
  118  15:03  Photon Cannon  
  116  15:22  Disruptor, Photon Cannon  
  119  15:32  Assimilator x2  
  119  15:33  Pylon  
  119  15:42  Nexus  
  119  15:44  Nexus  
  119  15:49  Photon Cannon  
  119  15:58  Disruptor  
  119  16:02  Zealot, Observer  
  124  16:08  Dark Templar  
  126  16:12  Photon Cannon  
  126  16:16  Photon Cannon  
  126  16:28  Robotics Facility  
  126  16:29  Nexus  
  126  16:33  Photon Cannon  
  126  16:38  Pylon  
  126  16:47  Stalker x5  
  126  16:52  Disruptor  
  137  17:05  Zealot x3  
  143  17:11  Shield Battery  
  142  17:18  Zealot x2  
  146  17:23  Photon Cannon  
  146  17:28  Disruptor  
  147  17:34  Protoss Shields Level 1  
  147  17:38  Photon Cannon  
  147  17:41  Shield Battery  
  147  17:43  Probe  
  144  17:45  Probe  
  144  17:47  Photon Cannon  
  144  17:51  Observer  
  135  18:14  Zealot x3  
  135  18:15  Dark Templar x4  
  135  18:18  Dark Templar  
  139  18:39  Nexus  
  135  19:01  Disruptor (Chrono Boost)  
  135  19:02  Disruptor (Chrono Boost)  
  131  19:11  Photon Cannon  
  131  19:13  Photon Cannon  
  131  19:15  Photon Cannon  
  131  19:18  Dark Templar  
  122  19:33  Stalker x3  
  122  19:35  Disruptor (Chrono Boost)  
  122  19:37  Disruptor (Chrono Boost)  
  126  19:49  Nexus  
  126  20:03  Dark Templar  
  126  20:04  Disruptor (Chrono Boost)  
  93  20:18  Disruptor  
Show
View Real Time Build Order
Export as new Build Order

trigger Protoss - Winner!

Build Orders: Phoenix Opening, Blink Stalkers 

Get SALT Encoding   

  12  0:00  Probe  
  13  0:12  Probe  
  14  0:17  Pylon  
  14  0:24  Probe (Chrono Boost)  
  15  0:36  Gateway, Probe (Chrono Boost)  
  16  0:44  Probe (Chrono Boost)  
  16  0:46  Assimilator  
  17  0:50  Probe  
  17  0:54  Assimilator  
  18  1:03  Probe (Chrono Boost)  
  19  1:08  Gateway  
  19  1:13  Probe (Chrono Boost)  
  19  1:18  Probe (Chrono Boost)  
  20  1:23  Cybernetics Core  
  21  1:29  Probe  
  21  1:32  Pylon  
  22  1:41  Probe  
  23  1:53  Probe  
  24  1:57  Warp Gate (Chrono Boost)  
  24  2:00  Stalker  
  28  2:02  Stalker  
  28  2:05  Probe  
  29  2:12  Pylon  
  29  2:30  Sentry  
  31  2:37  Nexus  
  31  2:40  Sentry  
  31  2:43  Probe  
  34  2:52  Shield Battery  
  34  2:58  Stalker  
  34  3:03  Phoenix  
  36  3:07  Pylon  
  36  3:10  Stalker  
  38  3:13  Probe  
  39  3:25  Twilight Council  
  39  3:30  Probe  
  40  3:42  Stalker  
  40  3:43  Probe  
  43  3:53  Probe  
  43  3:54  Stalker  
  43  3:55  Probe  
  47  3:58  Blink (Chrono Boost)  
  47  4:03  Shield Battery  
  47  4:05  Probe  
  48  4:13  Stalker  
  50  4:18  Shield Battery  
  50  4:20  Phoenix  
  50  4:22  Stalker  
  52  4:26  Probe x2  
  54  4:32  Pylon  
  54  4:35  Pylon  
  54  4:37  Stalker  
  56  4:39  Probe  
  56  4:43  Probe  
  58  4:47  Stalker  
  61  4:55  Probe x2 (Chrono Boost)  
  61  4:58  Robotics Facility  
  62  5:01  Stalker  
  62  5:06  Probe (Chrono Boost)  
  66  5:07  Probe (Chrono Boost)  
  66  5:09  Pylon  
  67  5:15  Assimilator  
  67  5:16  Stalker  
  68  5:22  Probe x2  
  68  5:27  Stalker  
  72  5:34  Probe  
  68  5:39  Probe (Chrono Boost)  
  68  5:40  Stalker  
  71  5:50  Stalker  
  71  5:52  Probe x2 (Chrono Boost)  
  74  5:58  Nexus  
  74  6:01  Probe (Chrono Boost)  
  75  6:09  Stalker  
  77  6:12  Probe  
  77  6:18  Pylon  
  78  6:20  Dark Shrine  
  78  6:23  Gateway  
  76  6:29  Stalker  
  78  6:33  Shield Battery  
  78  6:36  Observer (Chrono Boost)  
  78  6:39  Gateway  
  79  6:41  Gateway  
  79  6:42  Probe x2  
  79  6:54  Warp Prism (Chrono Boost), Probe x2  
  79  6:57  Stalker  
  85  7:06  Probe  
  86  7:10  Probe (Chrono Boost)  
  81  7:16  Probe (Chrono Boost)  
  81  7:21  Forge  
  83  7:23  Pylon  
  83  7:24  Probe (Chrono Boost)  
  83  7:27  Immortal (Chrono Boost), Probe x2 (Chrono Boost)  
  89  7:31  Probe (Chrono Boost)  
  89  7:35  Probe x2  
  91  7:37  Shield Battery  
  91  7:38  Dark Templar  
  91  7:42  Probe  
  94  7:45  Dark Templar x2  
  94  7:49  Probe x2  
  100  7:54  Probe  
  99  8:01  Probe x2  
  99  8:02  Nexus  
  99  8:03  Pylon  
  101  8:07  Probe  
  101  8:08  Stalker  
  102  8:13  Probe  
  102  8:17  Stalker x3  
  102  8:19  Protoss Ground Weapons Level 1 (Chrono Boost)  
  107  8:23  Pylon  
  107  8:26  Assimilator  
  107  8:29  Assimilator  
  107  8:34  Photon Cannon  
  107  8:36  Shield Battery  
  107  8:39  Charge (Chrono Boost)  
  107  8:41  Gateway  
  107  8:44  Gateway  
  107  8:52  Stalker x4  
  113  9:02  Probe x2  
  115  9:03  Probe  
  115  9:06  Pylon  
  115  9:08  Immortal (Chrono Boost)  
  116  9:16  Gateway  
  120  9:18  Sentry  
  120  9:19  Gateway  
  120  9:20  Gateway  
  120  9:21  Probe x2  
  126  9:25  Pylon  
  126  9:26  Photon Cannon  
  126  9:29  Stalker  
  126  9:30  Stalker  
  128  9:32  Stalker  
  128  9:36  Dark Templar  
  128  9:38  Warp Prism (Chrono Boost)  
  132  9:49  Zealot x3  
  138  9:53  Pylon  
  138  9:55  Zealot x3  
  144  10:00  Pylon  
  144  10:03  Pylon  
  144  10:12  Zealot x5  
  118  10:31  Zealot x5  
  118  10:32  Zealot x3  
  122  10:41  Zealot x2  
  122  10:54  Zealot x4  
  122  10:55  Zealot x4  
  119  11:17  Zealot x5  
  119  11:18  Zealot x4  
  133  11:20  Zealot  
  133  11:23  Observer (Chrono Boost)  
  110  11:34  Stalker  
  100  11:40  Stalker x6  
  106  11:47  Dark Templar x2  
  106  11:48  Dark Templar  
  106  11:52  Observer (Chrono Boost)  
  111  12:06  Zealot x2  
  111  12:07  Zealot x5  
  125  12:12  Shadow Stride (Chrono Boost)  
  125  12:21  Stalker x3  
  130  12:33  Stalker  
  126  12:44  Stalker x3  
  133  12:52  Pylon x2  
  133  13:03  Protoss Ground Weapons Level 2 (Chrono Boost)  
  128  13:12  Nexus  
  128  13:30  Nexus  
  128  13:35  Pylon  
  128  13:37  Pylon  
  128  13:39  Pylon  
  128  13:54  Observer  
  128  13:55  Photon Cannon  
  126  14:06  Pylon  
  126  14:08  Probe  
  126  14:09  Photon Cannon  
  127  14:11  Shield Battery  
  127  14:13  Dark Templar  
  127  14:14  Dark Templar x3  
  125  14:32  Probe (Chrono Boost)  
  125  14:34  Probe (Chrono Boost)  
  125  14:35  Probe (Chrono Boost)  
  118  14:38  Dark Templar  
  118  14:42  Pylon  
  118  14:45  Probe x2 (Chrono Boost)  
  122  14:57  Robotics Facility  
  120  15:07  Dark Templar x4  
  120  15:08  Photon Cannon  
  126  15:21  Robotics Facility  
  126  15:32  Stalker x6  
  138  15:42  Zealot x4  
  146  15:44  Observer (Chrono Boost)  
  146  15:47  Robotics Bay  
  147  15:58  Protoss Ground Weapons Level 3 (Chrono Boost)  
  147  16:15  Photon Cannon  
  147  16:26  Robotics Facility  
  147  16:27  Photon Cannon  
  147  16:28  Photon Cannon  
  147  16:31  Disruptor x2 (Chrono Boost)  
  147  16:33  Photon Cannon  
  147  16:34  Gravitic Boosters  
  151  16:48  Stalker x9  
  169  17:00  Disruptor  
  172  17:03  Disruptor  
  175  17:13  Nexus  
  175  17:14  Pylon  
  175  17:20  Stalker x3  
  180  17:25  Zealot x2  
  182  17:39  Assimilator  
  182  17:54  Disruptor  
  185  18:00  Observer  
  175  18:19  Zealot x6  
  187  18:20  Disruptor (Chrono Boost)  
  146  18:27  Disruptor (Chrono Boost)  
  146  18:31  Disruptor (Chrono Boost)  
  146  18:47  Zealot x8  
  160  18:48  Zealot x2  
  160  18:49  Disruptor (Chrono Boost)  
  159  19:05  Disruptor  
  160  19:10  Disruptor  
  161  19:20  Zealot x10  
  161  19:23  Assimilator  
  181  19:26  Observer  
  168  19:48  Protoss Shields Level 1 (Chrono Boost)  
  168  19:51  Pylon  
  168  20:12  Zealot x2  
  155  20:19  Disruptor  
  148  20:22  Zealot x6  
  160  20:28  Nexus  
Tags
 
Add a new tag
Caveats
  • Supply blocks, unpowered buildings, or Contaminate may cause inaccurate times.
  • Supply counts are checked every 10 seconds.